 Dungeon Crawl Stone Soup version 0.31-a0-726-g3c93526463 (webtiles) character file.

Game seed: 4810523016580750007

23 Ijustatesigmund the Firebug (level 2, -4/24 HPs)
             Began as a Deep Elf Fire Elementalist on Sept 11, 2023.
             Slain by an orc
             ... wielding a +0 flail
              (5 damage)
             ... on level 2 of the Dungeon.
             The game lasted 00:01:25 (1041 turns).

Ijustatesigmund the Firebug (DEFE)                  Turns: 1041, Time: 00:01:26

Health: -4/24      AC: 21    Str:  5    XL:     2   Next: 72%
Magic:  1/8        EV:  2    Int: 19    God:
Gold:   56         SH:  0    Dex: 15    Spells: 4/7 levels left

rFire   . . .        j - +0 war axe
rCold   . . .        (no shield)
rNeg    . . .        a - melded +0 robe
rPois   +            i - melded +0 helmet
rElec   .            (cloak currently unavailable)
rCorr   .            (gloves currently unavailable)
SInv    .            (boots currently unavailable)
Will    .....        (no amulet)
Stlth   ++           (no ring)
HPRegen 0.24/turn    (no ring)
MPRegen 0.11/turn

%: no passive effects
@: tree-form
A: stationary, stasis, torment immunity, boosted hp
a: no special abilities


You were on level 2 of the Dungeon.
You were a tree.
You visited 1 branch of the dungeon, and saw 2 of its levels.

You collected 56 gold pieces.

Inventory:

Hand Weapons
 d - a +0 dagger
 j - a +0 war axe (weapon)
Armour
 a - a +0 robe (melded)
 i - a +0 helmet (melded)
Scrolls
 g - 2 scrolls of identify {unknown}
 h - 3 scrolls of noise {unknown}
Potions
 b - a potion of magic
 c - a potion of degeneration {unknown}
 e - a potion of lignification
 f - a potion of curing {unknown}
 k - a potion of brilliance {unknown}


   Skills:
 + Level 0.7 Fighting
 - Level 2.4 Dodging
 - Level 2.4 Stealth
 + Level 3.4 Spellcasting
 + Level 1.8 Conjurations
 + Level 3.6 Fire Magic


You had 4 spell levels left.
You knew the following spells:

 Your Spells              Type           Power      Damage    Failure   Level
a - Foxfire               Conj/Fire      52%        2x1d6     4%          1
b - Scorch                Fire           32%        2d6       4%          2

Your spell library contained the following spells:

 Spells                   Type           Power      Damage    Failure   Level
 Inner Flame              Hex/Fire       10%        N/A       22%         3
 Volatile Blastmotes      Fire/Tloc      20%        2d11      22%         3
 Call Canine Familiar     Summ           3%         N/A       41%         3
 Sigil of Binding         Hex            3%         N/A       41%         3
 Flame Wave               Conj/Fire      13%        2d6       43%         4
 Dimensional Bullseye     Hex/Tloc       1%         N/A       82%         4
 Leda's Liquefaction      Hex/Erth       1%         N/A       82%         4


Dungeon Overview and Level Annotations

Branches:
Dungeon (2/15)

Altars:


Message History

Casting: Foxfire (safe; 4% risk of failure)
Confirm with . or Enter, or press ? or * to list all spells.
You miscast Scorch.
You are very lightly contaminated with residual magic.
Nothing appears to happen.
Casting: Scorch (safe; 4% risk of failure)
Confirm with . or Enter, or press ? or * to list all spells.
Flames lash something.
The orc hits you but does no damage. The orc closely misses you.
Something hits you.
Casting: Scorch (safe; 4% risk of failure)
Confirm with . or Enter, or press ? or * to list all spells.
Flames lash the orc.
The orc is almost dead.
The orc's fire resistance burns away.
The orc hits you with a +0 short sword. Something hits you but does no damage.
You closely miss the orc. You miss something. The orc misses you.
You completely miss the orc. You barely miss something.
The orc is no longer more vulnerable to fire.
The orc hits you but does no damage. Something hits you.
The orc hits you with a +0 short sword. Something hits you.
Your magical contamination has completely faded away.
You are too injured to fight recklessly!
It was a potion of lignification.
You turn into a tree.
Your +0 helmet melds into your body.
Your +0 robe melds into your body.
Your roots penetrate the ground.
The orc hits you with a +0 short sword.
* * * LOW HITPOINT WARNING * * *
Something hits you but does no damage.
You cannot move.
You barely miss something. You hit the orc.
The orc hits you but does no damage.
You hear some strange, mumbled words.
A puff of flame appears from out of thin air!
The puff of flame hits you.
* * * LOW HITPOINT WARNING * * *
You hit something. You hit the orc.
You kill the orc!
Something hits you.
* * * LOW HITPOINT WARNING * * *
Something hits you but does no damage. The orc hits you with a +0 flail.
You die...

#.....:
#...... ......
# >....
#.##...
#......
###..o###
#...o{♣.# .
#.##.##$###[.#
#.##§§§.....#
#<###.#..##?#
#.###.#..##.#
#...........#
#####.#####.#
#.# .# #.. #


You could see 2 orcs.

Vanquished Creatures
  2 orcs (D:2)
  2 ball pythons (D:1)
  2 endoplasms (D:1)
  A goblin (D:1)
  4 hobgoblins (D:1)
  2 quokkas (D:1)
  A bat (D:1)
  2 kobolds (D:1)
  4 rats (D:1)
20 creatures vanquished.

Vanquished Creatures (others)
  43 foxfires
43 creatures vanquished.

Grand Total: 63 creatures vanquished

Notes
Turn   | Place    | Note
-------+----------+-------------------------------------------
     0 | D:1      | Ijustatesigmund the Deep Elf Fire Elementalist began the
                  | quest for the Orb.
     0 | D:1      | Reached XP level 1. HP: 10/10 MP: 6/6
   310 | D:1      | Reached XP level 2. HP: 16/16 MP: 6/8
   313 | D:1      | Learned a level 2 spell: Scorch
   974 | D:1      | Found a faded altar of an unknown god.
  1041 | D:2      | HP: 1/24 [something (2)]
  1041 | D:2      | Slain by an orc

Illustrated notes

Levels and vault maps discovered:
D:1:      mrwooster_arrival_arrow, layout_basic,
          shapermc_ecumenical_altar_mp_urbaneastern, minmay_pentomino_q4
D:2:      layout_loops_cross, serial_shops, nicolae_shop_tiny_glass,
          chequers_avenue, nicolae_kite_square_tiling_tiny,
          serial_park_tiny_pond, minmay_joined_circles, uniq_crazy_yiuf_cottage

Action                     || total
---------------------------++-------
  Melee: War axe           ||    18
   Cast: Foxfire           ||    26
         Scorch            ||     2
    Use: Potion            ||     1
   Stab: Sleeping          ||     1
 Armour: Robe              ||    15
         Skin              ||     7
  Dodge: Dodged            ||    11

Table legend: (Time is in decaauts)
 A = Elapsed time spent in this place.
 B = Non-inter-level travel time spent in this place.
 C = Inter-level travel time spent in this place.
 D = Time resting spent in this place.
 E = Time spent auto-exploring this place.
 F = Levels seen in this place.
 G = Mean time per level.
                   A        B        C        D        E       F      G
               +--------+--------+--------+--------+--------+-----+--------+
         Total |   1048 |   1015 |     33 |      0 |    848 |   2 |  524.0 |
       Dungeon |   1048 |   1015 |     33 |      0 |    848 |   2 |  524.0 |
               +--------+--------+--------+--------+--------+-----+--------+

Top non-repeatable levels by time:
     D:1: 1012 daAuts
     D:2: 36 daAuts
